APL (24 & UNDER)
SCOTTSDALE SCORPIONS @ KENOSHA KINGFISH
09/26/2030
 
TOP OF THE 1ST
Scottsdale Scorpions batting - Pitching for Kenosha Kingfish : RHP Jeff McIntosh
Pitching: RHP Jeff McIntosh
Batting: RHB Manny Moreno 0-0: Swinging Strike
0-1: SINGLE (Line Drive, 34D)
Batting: RHB José Martínez 0-0: Ground out 5-3 (Groundball, 5S)
Manny Moreno to second
Batting: RHB Phil Rowlett 0-0: Foul Ball, location: 2F
0-1: Ball
1-1: Called Strike
1-2: SINGLE (Groundball, 5D)
Manny Moreno to third
Runner from 3rd tries for Home, SAFE, no throw
Batting: LHB Ernesto Hernández 0-0: SINGLE (Line Drive, 3S)
Phil Rowlett to second
Batting: RHB Randy Banks 0-0: Ball
1-0: Ball
2-0: Swinging Strike
2-1: Called Strike
2-2: Strikes out swinging
Batting: RHB Rob Johnston 0-0: Ground out 6-3 (Groundball, 56D)
Top of the 1st over - 1 run, 3 hits, 0 errors, 2 left on base; Scottsdale 1 - Kenosha 0
BOTTOM OF THE 1ST
Kenosha Kingfish batting - Pitching for Scottsdale Scorpions : RHP José Alvarado
Pitching: RHP José Alvarado
Batting: RHB Armando Arellano 0-0: Called Strike
0-1: Swinging Strike
0-2: Foul Ball, location: 2F
0-2: Ball
1-2: Ball
2-2: Ball
3-2: Fly out, F7 (Flyball, 7)
Batting: LHB Pat Williams 0-0: Foul Ball, location: 2F
0-1: Ball
1-1: Fly out, F7 (Flyball, 7)
Batting: LHB Juan Rodríguez 0-0: Foul Ball, location: 2F
0-1: Swinging Strike
0-2: Ground out 1-3 (Groundball, 13)
Bottom of the 1st over - 0 runs, 0 hits, 0 errors, 0 left on base; Scottsdale 1 - Kenosha 0
TOP OF THE 2ND
Scottsdale Scorpions batting - Pitching for Kenosha Kingfish : RHP Jeff McIntosh
Batting: RHB Jon Hartley 0-0: Ball
1-0: Swinging Strike
1-1: Called Strike
1-2: Strikes out swinging
Batting: RHB Jeff McQueen 0-0: Ball
1-0: SINGLE (Groundball, 56D)
Batting: RHB Dave MacGruder 0-0: Ball
1-0: SINGLE (Groundball, 6S) (infield hit)
Jeff McQueen to second
Batting: RHB Manny Moreno 0-0: Foul Ball, location: 2F
0-1: Called Strike
0-2: Foul Ball, location: 2F
0-2: Ball
1-2: Strikes out swinging
Batting: RHB José Martínez 0-0: Ball
1-0: Ball
2-0: Foul Ball, location: 2F
2-1: Called Strike
2-2: Foul Ball, location: 2F
2-2: Strikes out looking
Top of the 2nd over - 0 runs, 2 hits, 0 errors, 2 left on base; Scottsdale 1 - Kenosha 0
BOTTOM OF THE 2ND
Kenosha Kingfish batting - Pitching for Scottsdale Scorpions : RHP José Alvarado
Batting: RHB Millard Ferguson 0-0: Ground out 1-3 (Groundball, 13S)
Batting: LHB Jerry Benjamin 0-0: Ball
1-0: Ball
2-0: Ball
3-0: Base on Balls
Batting: RHB Jeff Navarro 0-0: Ball
1-0: Ball
2-0: Grounds into double play, 6-4-3 (Groundball, 6D)
Bottom of the 2nd over - 0 runs, 0 hits, 0 errors, 0 left on base; Scottsdale 1 - Kenosha 0
TOP OF THE 3RD
Scottsdale Scorpions batting - Pitching for Kenosha Kingfish : RHP Jeff McIntosh
Batting: RHB Phil Rowlett 0-0: Ball
1-0: Foul Ball, location: 2F
1-1: Foul Ball, location: 2F
1-2: SOLO HOME RUN (Line Drive, 7LD), Distance : 360 ft
Batting: LHB Ernesto Hernández 0-0: Ball
1-0: Ball
2-0: Swinging Strike
2-1: Foul Ball, location: 2F
2-2: Ground out 6-3 (Groundball, 6M)
Batting: RHB Randy Banks 0-0: Swinging Strike
0-1: Ball
1-1: Ball
2-1: Foul Ball, location: 2F
2-2: Strikes out looking
Batting: RHB Rob Johnston 0-0: Ball
1-0: DOUBLE (Flyball, 89XD)
Batting: RHB Jon Hartley 0-0: Called Strike
0-1: Fly out, F9 (Flyball, 9S)
Top of the 3rd over - 1 run, 2 hits, 0 errors, 1 left on base; Scottsdale 2 - Kenosha 0
BOTTOM OF THE 3RD
Kenosha Kingfish batting - Pitching for Scottsdale Scorpions : RHP José Alvarado
Batting: RHB Juan Escalante 0-0: Called Strike
0-1: Called Strike
0-2: Ball
1-2: Strikes out swinging
Batting: RHB Charlie Guzmén 0-0: Foul Ball, location: 2F
0-1: Ball
1-1: Foul Ball, location: 2F
1-2: Ground out 5-3 (Groundball, 56S)
Batting: RHB Thomas English 0-0: Ball
1-0: Ball
2-0: Ball
3-0: Base on Balls
Batting: RHB Armando Arellano 0-0: Ball
1-0: Ball
2-0: Called Strike
2-1: Fly out, F9 (Flyball, 9LMF)
Bottom of the 3rd over - 0 runs, 0 hits, 0 errors, 1 left on base; Scottsdale 2 - Kenosha 0
TOP OF THE 4TH
Scottsdale Scorpions batting - Pitching for Kenosha Kingfish : RHP Jeff McIntosh
Batting: RHB Jeff McQueen 0-0: Foul Ball, location: 2F
0-1: Ball
1-1: Foul Ball, location: 2F
1-2: Fly out, F5 (Popup, 25F)
Batting: RHB Dave MacGruder 0-0: Fly out, F9 (Flyball, 9LSF)
Batting: RHB Manny Moreno 0-0: Called Strike
0-1: Ball
1-1: Ball
2-1: Called Strike
2-2: Foul Ball, location: 2F
2-2: Hit by Pitch
Batting: RHB José Martínez 0-0: Called Strike
0-1: Ball
1-1: Fly out, F7 (Line Drive, 7)
Top of the 4th over - 0 runs, 0 hits, 0 errors, 1 left on base; Scottsdale 2 - Kenosha 0
BOTTOM OF THE 4TH
Kenosha Kingfish batting - Pitching for Scottsdale Scorpions : RHP José Alvarado
Batting: LHB Pat Williams 0-0: Ball
1-0: Fly out, F8 (Flyball, 8LS)
Batting: LHB Juan Rodríguez 0-0: Called Strike
0-1: Foul Ball, location: 2F
0-2: Ball
1-2: Ball
2-2: Ball
3-2: SINGLE (Groundball, 34D)
Batting: RHB Millard Ferguson 0-0: Called Strike
0-1: Called Strike
0-2: Ball
1-2: Foul Ball, location: 2F
1-2: Ball
2-2: Reached on error, E3 (Groundball, 34)
Juan Rodríguez to second
Batting: LHB Jerry Benjamin 0-0: Foul Ball, location: 2F
0-1: 3-RUN HOME RUN (Flyball, 9D), Distance : 374 ft
Batting: RHB Jeff Navarro 0-0: Called Strike
0-1: Foul Ball, location: 2F
0-2: SINGLE (Groundball, 56D)
Pitching: RHP José Amaya
Batting: RHB Juan Escalante 0-0: Fly out, F8 (Line Drive, 78D)
Batting: RHB Charlie Guzmén 0-0: Ball
1-0: Fly out, F9 (Flyball, 9)
Bottom of the 4th over - 3 runs, 3 hits, 1 error, 1 left on base; Scottsdale 2 - Kenosha 3
TOP OF THE 5TH
Scottsdale Scorpions batting - Pitching for Kenosha Kingfish : RHP Jeff McIntosh
Batting: RHB Phil Rowlett 0-0: Ball
1-0: Fly out, F8 (Flyball, 8RXD)
Batting: LHB Ernesto Hernández 0-0: Ball
1-0: Hit by Pitch
Batting: RHB Randy Banks 0-0: Called Strike
0-1: Called Strike
0-2: Ball
1-2: Ball
2-2: Foul Ball, location: 2F
2-2: Foul Ball, location: 2F
2-2: Strikes out looking
Batting: RHB Rob Johnston 0-0: Called Strike
Ernesto Hernández steals 2nd base
0-1: Ball
1-1: Called Strike
1-2: Ball
2-2: Ground out 2-3 (Groundball, 2R)
Top of the 5th over - 0 runs, 0 hits, 0 errors, 1 left on base; Scottsdale 2 - Kenosha 3
BOTTOM OF THE 5TH
Kenosha Kingfish batting - Pitching for Scottsdale Scorpions : RHP José Amaya
Batting: RHB Thomas English 0-0: Called Strike
0-1: Bunt missed!
0-2: Fly out, F9 (Flyball, 9)
Batting: RHB Armando Arellano 0-0: Called Strike
0-1: SINGLE (Groundball, 56D)
Batting: LHB Pat Williams 0-0: Ball
1-0: SINGLE (Groundball, 34D)
Armando Arellano to second
Runner from 2nd tries for 3rd, SAFE, no throw
Batting: LHB Juan Rodríguez 0-0: Ball
1-0: Called Strike
1-1: Foul Ball, location: 2F
1-2: Ground out 4-3 (Groundball, 4S)
Armando Arellano scores
Pat Williams to second
Batting: RHB Millard Ferguson 0-0: Intentional Walk
Batting: LHB Jerry Benjamin 0-0: Called Strike
0-1: Fly out, F4 (Popup, 34D)
Bottom of the 5th over - 1 run, 2 hits, 0 errors, 2 left on base; Scottsdale 2 - Kenosha 4
TOP OF THE 6TH
Scottsdale Scorpions batting - Pitching for Kenosha Kingfish : RHP Jeff McIntosh
Batting: RHB Jon Hartley 0-0: Ball
1-0: Called Strike
1-1: Foul Ball, location: 2F
1-2: Strikes out swinging
Batting: RHB Jeff McQueen 0-0: Ball
1-0: Called Strike
1-1: Ball
2-1: Ground out 4-3 (Groundball, 4)
Batting: RHB Dave MacGruder 0-0: Called Strike
0-1: Foul Ball, location: 2F
0-2: Strikes out swinging
Top of the 6th over - 0 runs, 0 hits, 0 errors, 0 left on base; Scottsdale 2 - Kenosha 4
BOTTOM OF THE 6TH
Kenosha Kingfish batting - Pitching for Scottsdale Scorpions : RHP Rick Díaz
Pitching: RHP Rick Díaz
Batting: RHB Jeff Navarro 0-0: Called Strike
0-1: Ball
1-1: Ball
2-1: Ball
3-1: Foul Ball, location: 2F
3-2: Foul Ball, location: 2F
3-2: Base on Balls
Batting: RHB Juan Escalante 0-0: Ball
1-0: Ball
2-0: Fly out, F9 (Flyball, 9S)
Batting: RHB Charlie Guzmén 0-0: Swinging Strike
0-1: Ball
1-1: Swinging Strike
1-2: Strikes out swinging
Batting: RHB Thomas English 0-0: Foul Ball, location: 2F
0-1: Foul Ball, location: 2F
0-2: Ball
1-2: Ball
2-2: Foul Ball, location: 2F
2-2: Foul Ball, location: 2F
2-2: Fly out, F8 (Flyball, 89M)
Bottom of the 6th over - 0 runs, 0 hits, 0 errors, 1 left on base; Scottsdale 2 - Kenosha 4
TOP OF THE 7TH
Scottsdale Scorpions batting - Pitching for Kenosha Kingfish : RHP Jeff McIntosh
Pitching: RHP Miguel Durán
Batting: RHB Manny Moreno 0-0: Ball
1-0: Ball
2-0: Ball
3-0: Called Strike
3-1: Base on Balls
Batting: RHB José Martínez 0-0: Hit by Pitch
Manny Moreno to second
Batting: RHB Phil Rowlett 0-0: SINGLE (Flyball, 7LS)
Manny Moreno to third
José Martínez to second
Pitching: LHP Carlos Martínez
Batting: LHB Ernesto Hernández 0-0: Ball
1-0: Ball
2-0: SINGLE (Line Drive, 7S)
Manny Moreno scores
José Martínez to third
Phil Rowlett to second
Runner from 3rd tries for Home, SAFE, no throw
Pitching: LHP Howard Sigurdson
Batting: RHB Randy Banks 0-0: Ball
1-0: Ball
2-0: Called Strike
2-1: Ball
3-1: DOUBLE (Line Drive, 8LXD)
Phil Rowlett scores
Ernesto Hernández to third
Runner from 3rd tries for Home, SAFE, no throw
Batting: RHB Rob Johnston 0-0: Ground out 5-3 (Groundball, 56S)
Randy Banks to third
Batting: RHB Jon Hartley 0-0: Intentional Walk
Batting: RHB Jeff McQueen 0-0: Called Strike
Jon Hartley steals 2nd base
0-1: Fly out, F9 (Flyball, 9S)
Runner from 3rd tags up, SCORES, throw made
Batting: RHB Dave MacGruder 0-0: Ball
1-0: Swinging Strike
1-1: Swinging Strike
1-2: Foul Ball, location: 2F
1-2: Ball
2-2: Foul Ball, location: 2F
2-2: Ball
3-2: Strikes out swinging
Top of the 7th over - 5 runs, 3 hits, 0 errors, 1 left on base; Scottsdale 7 - Kenosha 4
BOTTOM OF THE 7TH
Kenosha Kingfish batting - Pitching for Scottsdale Scorpions : RHP Rick Díaz
Batting: RHB Armando Arellano 0-0: Ball
1-0: Ball
2-0: Called Strike
2-1: Ground out 5-3 (Groundball, 25)
Batting: LHB Pat Williams 0-0: Called Strike
0-1: Ball
1-1: Ball
2-1: Ball
3-1: Base on Balls
Batting: LHB Juan Rodríguez 0-0: Ball
1-0: SINGLE (Line Drive, 4D)
Pat Williams to second
Batting: RHB Millard Ferguson 0-0: Called Strike
0-1: Ball
1-1: Called Strike
1-2: Strikes out swinging
Batting: LHB Jerry Benjamin 0-0: Called Strike
0-1: Ball
1-1: Called Strike
1-2: Ball
2-2: Ball
3-2: Strikes out looking
Bottom of the 7th over - 0 runs, 1 hit, 0 errors, 2 left on base; Scottsdale 7 - Kenosha 4
TOP OF THE 8TH
Scottsdale Scorpions batting - Pitching for Kenosha Kingfish : LHP Howard Sigurdson
Batting: RHB Manny Moreno 0-0: Ball
1-0: Ball
2-0: Called Strike
2-1: Foul Ball, location: 2F
2-2: Fly out, F7 (Flyball, 7S)
Batting: RHB José Martínez 0-0: Called Strike
0-1: Swinging Strike
0-2: Ground out 6-3 (Groundball, 6)
Batting: RHB Phil Rowlett 0-0: Ball
1-0: Foul Ball, location: 2F
1-1: Fly out, F9 (Flyball, 9S)
Top of the 8th over - 0 runs, 0 hits, 0 errors, 0 left on base; Scottsdale 7 - Kenosha 4
BOTTOM OF THE 8TH
Kenosha Kingfish batting - Pitching for Scottsdale Scorpions : RHP Rick Díaz
Batting: RHB Jeff Navarro 0-0: Ball
1-0: Fly out, F9 (Flyball, 9LS)
Batting: RHB Juan Escalante 0-0: Ball
1-0: Foul Ball, location: 2F
1-1: Called Strike
1-2: Foul Ball, location: 2F
1-2: Ball
2-2: Foul Ball, location: 2F
2-2: Ball
3-2: Foul Ball, location: 2F
3-2: Base on Balls
Batting: RHB Charlie Guzmén 0-0: Ball
1-0: Foul Ball, location: 2F
1-1: Swinging Strike
1-2: Strikes out swinging
Batting: RHB Thomas English 0-0: Ball
1-0: Fly out, F6 (Line Drive, 6M)
Bottom of the 8th over - 0 runs, 0 hits, 0 errors, 1 left on base; Scottsdale 7 - Kenosha 4
TOP OF THE 9TH
Scottsdale Scorpions batting - Pitching for Kenosha Kingfish : LHP Howard Sigurdson
Batting: LHB Ernesto Hernández 0-0: Called Strike
0-1: Ball
1-1: Ground out 4-3 (Groundball, 4)
Batting: RHB Randy Banks 0-0: Ball
1-0: SINGLE (Line Drive, 6MD)
Batting: RHB Rob Johnston 0-0: Called Strike
0-1: Foul Ball, location: 2F
0-2: Strikes out looking
Batting: RHB Jon Hartley 0-0: Ball
1-0: Called Strike
1-1: Ball
2-1: Foul Ball, location: 2F
2-2: Foul Ball, location: 2F
2-2: Ball
3-2: Base on Balls
Randy Banks to second
Batting: RHB Jeff McQueen 0-0: Foul Ball, location: 2F
0-1: Ball
1-1: Fly out, F4 (Line Drive, 4MD)
Top of the 9th over - 0 runs, 1 hit, 0 errors, 2 left on base; Scottsdale 7 - Kenosha 4
BOTTOM OF THE 9TH
Kenosha Kingfish batting - Pitching for Scottsdale Scorpions : RHP Rick Díaz
Batting: RHB Armando Arellano 0-0: Swinging Strike
0-1: Called Strike
0-2: SINGLE (Groundball, 34D)
Batting: LHB Pat Williams 0-0: Called Strike
0-1: Ball
1-1: Ball
2-1: Ball
3-1: Base on Balls
Armando Arellano to second
Batting: LHB Juan Rodríguez 0-0: Ball
1-0: Ball
2-0: Ground out 6-3 (Groundball, 6MS)
Armando Arellano to third
Pat Williams to second
Batting: RHB Millard Ferguson 0-0: Called Strike
0-1: Foul Ball, location: 2F
0-2: Fly out, F9 (Flyball, 9S)
Pitching: RHP Raúl Alonzo
Batting: LHB Jerry Benjamin 0-0: Ball
1-0: Ball
2-0: Fly out, F7 (Flyball, 78M)
Bottom of the 9th over - 0 runs, 1 hit, 0 errors, 2 left on base; Scottsdale 7 - Kenosha 4
Saturday, April 7th, 2018 - OOTP Baseball 18.8 Build 76